 Dungeon Crawl Stone Soup version 0.29-a0-359-g541a27f54d (console) character file.

Game seed: 6944473119083909972

463 petzl the Stinger (level 7, -1/49 HPs)
             Began as a Formicid Arcane Marksman on Apr 27, 2022.
             Slain by a gnoll
             ... wielding a +0 flail
              (9 damage)
             ... on level 4 of the Dungeon.
             The game lasted 00:15:28 (4689 turns).

petzl the Stinger (Formicid Arcane Marksman)        Turns: 4689, Time: 00:15:29

Health: -1/49      AC:  5    Str: 14    XL:     7   Next: 29%
Magic:  4/12       EV: 11    Int: 20    God:
Gold:   164        SH:  0    Dex: 11    Spells: 7/13 levels left

rFire   . . .      SeeInvis +   a - +5 war axe {flame, Int+5, !f =f}
rCold   . . .      Faith    .   (no shield)
rNeg    . . .      Spirit   .   r - +0 leather armour
rPois   +          Reflect  .   (helmet unavailable)
rElec   .          Harm     .   o - +0 cloak {rPois}
rCorr   .          Rampage  .   j - +0 pair of gloves
Will    .....                   (no boots)
Stlth   +.........              (no amulet)
HPRegen 0.16/turn               (no ring)
MPRegen 0.13/turn               (no ring)

@: lit by a corona, glowing
A: permanent stasis, dig shafts and tunnels, antennae 3, four strong arms
a: Dig, Shaft Self


You were on level 4 of the Dungeon.
You visited 1 branch of the dungeon, and saw 4 of its levels.

You collected 164 gold pieces.

Inventory:

Hand Weapons
 a - the +5 war axe of Kismet (weapon) {flame, Int+5, !f =f}
   (You found it on level 3 of the Dungeon)

   It burns those it strikes, dealing additional fire damage.
   Big, fiery blades are also staple armaments of hydra-hunters.
   Int:       It affects your intelligence (+5).
 b - a +1 hand crossbow
 i - a +3 quarterstaff of chaos
 y - a +1 mace of holy wrath
Missiles
 l - 4 poisoned darts
Armour
 j - a +0 pair of gloves (worn)
 o - a +0 cloak of poison resistance (worn)
 r - a +0 leather armour (worn)
 x - the +3 leather armour of Kunidd {*Slow Str+7 SInv}
   (You found it on level 4 of the Dungeon)

   Str:       It affects your strength (+7).
   SInv:      It lets you see invisible.
   *Slow:     It may slow you when you take damage.
Scrolls
 c - 2 scrolls of vulnerability
 h - a scroll of teleportation {unknown}
 m - 2 scrolls of amnesia
 n - a scroll of immolation
 s - a scroll of noise {unknown}
 w - a scroll of brand weapon {unknown}
Potions
 d - a potion of cancellation {unknown}
 e - 4 potions of heal wounds {unknown}
 f - 2 potions of mutation {unknown}
 g - a potion of haste
 k - a potion of flight {unknown}
 p - 4 potions of curing {unknown}
 q - a potion of invisibility {unknown}
 t - a potion of lignification {unknown}
 u - a potion of degeneration {unknown}
 v - a potion of might {unknown}


   Skills:
 + Level 1.8 Fighting
 + Level 0.5 Axes
 + Level 2.5 Crossbows
 + Level 1.3 Armour
 + Level 2.2 Dodging
 + Level 1.3 Stealth
 + Level 3.6 Spellcasting
 * Level 0.4 Conjurations
 - Level 3.6 Hexes
 + Level 2.5 Air Magic
 * Level 0.7 Earth Magic
 - Level 4.1 Poison Magic


You had 7 spell levels left.
You knew the following spells:

 Your Spells              Type           Power      Damage    Failure   Level
a - Poisonous Vapours     Pois/Air       34%        N/A       6%          2
b - Slow                  Hex            72%        N/A       3%          1
c - Stone Arrow           Conj/Erth      12%        3d7       36%         3

Your spell library contained the following spells:

 Spells                   Type           Power      Damage    Failure   Level
 Corpse Rot               Necr/Air       16%        N/A       14%         2
 Inner Flame              Hex/Fire       10%        N/A       24%         3
 Portal Projectile        Hex/Tloc       20%        N/A       24%         3
 Cause Fear               Hex            9%         N/A       36%         4
 Animate Armour           Summ/Erth      10%        N/A       80%         4
 Lehudib's Crystal Spear  Conj/Erth      3%         10d2      100%        8


Dungeon Overview and Level Annotations

Branches:
Dungeon (4/15)
 Temple: D:4-7

Altars:
The Shining One

Shops:
D:1 =

Annotations:
D:4 Duvessa


Innate Abilities, Weirdness & Mutations

You cannot be hasted, slowed, berserked, paralysed or teleported.
You can dig through walls and to a lower floor.
You have a pair of large antennae on your head. (SInv)
Your four strong arms can wield two-handed weapons with a shield.


Message History

The gnoll hits you from afar with a +0 spear. x2
The gnoll shaman invokes the aid of its god against you.
You are outlined in light.
You slash the gnoll shaman! You burn the gnoll shaman.
You kill the gnoll shaman!
The gnoll hits you but does no damage.
The gnoll hits you from afar with a +0 spear.
The gnoll hits you but does no damage. The gnoll barely misses you.
Things that are here:
a +0 whip; a +0 robe You closely miss the gnoll.
The gnoll closely misses you. The gnoll hits you but does no damage.
You slash the gnoll! You burn the gnoll.
You kill the gnoll!
You hit the gnoll but do no damage. The gnoll hits you with a +0 whip. x2
You closely miss the gnoll. The gnoll hits you with a +0 whip.
You slash the gnoll! You burn the gnoll.
You kill the gnoll!
The gnoll is no longer moving slowly.
You hit the gnoll. You burn the gnoll.
The gnoll is severely wounded.
The gnoll closely misses you.
You completely miss the gnoll.
The gnoll is severely wounded.
The gnoll hits you with a +0 flail!
* * * LOW HITPOINT WARNING * * *
You completely miss the gnoll.
The gnoll is severely wounded.
The gnoll barely misses you. The gnoll closely misses you.
Press: ? - help, v - describe, . - travel, g - get item
Here: a gnoll, wielding a +0 flail (severely wounded)
Items here: )) ††.
The floor, spattered with blood.
Unknown command.
Unknown command.
Unknown command.
Unknown command.
The gnoll attacks as you move away! The gnoll hits you but does no damage.
The gnoll attacks as you move away! The gnoll hits you with a +0 flail!
You die...

## #.# #.# # ## #.#####
#.# ##....# #.#
#.###.###.# #.# #.# #.#.##
#.# #.# #.# #.## #.. #.#
#.# #.# #..
######.####.####.### #..
#......#...........# #..
#.###..#.##.####.#.####.
###.# #.(...#.###.........
#...###...#.........†#####
#@#.....#...#.............
#g###.####.######.##.#####
#g###.# #.# #.##.# #)#...#
#.######.##.# #.#.#.#
#...........# #.#...#
########.##># #.##.##
#.##.# #.##.# #.#..#
###.##.#### #.#.## #
#...##....# #.#.######
#.#######.# #......... #.
# ###.###### #g #.# # #.
#.# #. #.# # #. #.# # #g
##.## ### #...###..
#.#......


You could see 2 gnolls.

Vanquished Creatures
  A black bear (D:4)
  A crimson imp (D:3)
  2 hounds (D:4)
  A gnoll shaman (D:4)
  Crazy Yiuf (D:2)
  Natasha (thrice) (D:2)
  Robin (D:3)
  3 gnolls (D:4)
  3 adders
  A worm (D:3)
  A dart slug (D:1)
  2 orcs
  4 bats
  6 endoplasms
  A giant cockroach (D:2)
  9 goblins
  9 hobgoblins
  4 jackals
  6 kobolds
  4 ball pythons
  4 frilled lizards
  2 goblin skeletons (D:3)
  6 goblin zombies (D:3)
  3 orc skeletons (D:3)
  An orc zombie (D:3)
  5 rats
84 creatures vanquished.

Notes
Turn   | Place    | Note
-------+----------+-------------------------------------------
     0 | D:1      | petzl the Formicid Arcane Marksman began the quest for the
                  | Orb.
     0 | D:1      | Reached XP level 1. HP: 15/15 MP: 2/2
   133 | D:1      | Reached XP level 2. HP: 19/21 MP: 3/3
   427 | D:1      | Found Eziffiec's Jewellery Shop.
   446 | D:1      | Reached XP level 3. HP: 16/26 MP: 5/5
   931 | D:1      | Reached skill level 1 in Stealth
   937 | D:1      | Reached skill level 1 in Armour
  1091 | D:1      | Learned a level 2 spell: Poisonous Vapours
  1420 | D:2      | Noticed Natasha
  1485 | D:2      | Killed Natasha
  1486 | D:2      | Reached skill level 1 in Poison Magic
  1486 | D:2      | Reached XP level 4. HP: 28/32 MP: 4/6
  1748 | D:2      | Noticed Natasha
  1758 | D:2      | Killed Natasha
  1759 | D:2      | Reached skill level 1 in Air Magic
  1759 | D:2      | Reached skill level 2 in Poison Magic
  2063 | D:2      | Found a runed translucent door.
  2064 | D:2      | Noticed Crazy Yiuf
  2247 | D:2      | Reached XP level 5. HP: 37/37 MP: 8/8
  2285 | D:2      | Noticed Robin
  2361 | D:3      | Found a glowing golden altar of the Shining One.
  2428 | D:3      | Identified the +5 war axe of Kismet {flame, Int+5}
  2592 | D:3      | Found a faded altar of an unknown god.
  3200 | D:3      | Killed Robin
  3860 | D:2      | Killed Crazy Yiuf
  3861 | D:2      | Reached skill level 3 in Poison Magic
  3861 | D:2      | Reached XP level 6. HP: 43/43 MP: 8/10
  3910 | D:2      | Noticed Natasha
  3919 | D:2      | Killed Natasha
  4072 | D:4      | Noticed a black bear
  4088 | D:4      | Killed a black bear
  4110 | D:4      | Reached skill level 4 in Poison Magic
  4235 | D:4      | Identified the +3 leather armour of Kunidd {*Slow Str+7
                  | SInv}
  4426 | D:4      | Reached XP level 7. HP: 48/48 MP: 8/12
  4433 | D:4      | Learned a level 3 spell: Stone Arrow
  4525 | D:4      | Noticed Duvessa
  4689 | D:4      | Slain by a gnoll

Illustrated notes

Levels and vault maps discovered:
D:1:      dpeg_arrival_shelter, layout_loops_ring, serial_shops,
          nicolae_shop_crystal, bh_walls_and_bars
D:2:      layout_basic, grunt_ministairs_10, st_stairs_6, uniq_natasha,
          uniq_robin, uniq_crazy_yiuf_cottage
D:3:      layout_loops_cross, nicolae_tso_besieged_by_evil,
          hellmonk_ecumenical_altar_lost_god, nicolae_underground_beach
D:4:      layout_loops_ring, marbit_many_paths, minmay_quantized, uniq_duvessa

Skill      XL: |  1  2  3  4  5  6 |
---------------+-------------------+-----
Dodging        | 2 |  2.2
Stealth        | 1 |  1.3
Armour         | 1 |  1.3
Poison Magic   | 1 2 3 4 |  4.1
Spellcasting   | 2 3 |  3.6
Air Magic      | 1 2 |  2.5
Fighting       | |  1.8
Axes           | |  0.5
Crossbows      | |  2.5
Conjurations   | |  0.4
Hexes          | |  3.6
Earth Magic    | |  0.7

Action                   |  1- 3 |  4- 6 |  7- 9 || total
-------------------------+-------+-------+-------++-------
Melee: War axe           |       |    22 |    17 ||    39
       Hand crossbow     |       |     1 |       ||     1
 Fire: Hand crossbow     |    67 |   161 |     4 ||   232
 Cast: Slow              |     6 |    19 |     4 ||    29
       Poisonous Vapours |       |     8 |    10 ||    18
  Use: Scroll            |       |     5 |       ||     5
 Stab: Distracted        |       |       |     1 ||     1
Armor: Robe              |     6 |     5 |       ||    11
       Leather armour    |       |    25 |     6 ||    31
Dodge: Dodged            |    27 |    51 |     8 ||    86

Table legend: (Time is in decaauts)
 A = Elapsed time spent in this place.
 B = Non-inter-level travel time spent in this place.
 C = Inter-level travel time spent in this place.
 D = Time resting spent in this place.
 E = Time spent auto-exploring this place.
 F = Levels seen in this place.
 G = Mean time per level.
                   A        B        C        D        E       F      G
               +--------+--------+--------+--------+--------+-----+--------+
         Total |   4797 |   4358 |    439 |    879 |   2472 |   4 | 1199.2 |
       Dungeon |   4797 |   4358 |    439 |    879 |   2472 |   4 | 1199.2 |
               +--------+--------+--------+--------+--------+-----+--------+

Top non-repeatable levels by time:
     D:2: 1689 daAuts
     D:1: 1392 daAuts
     D:3: 1020 daAuts
     D:4: 695 daAuts
